 Dungeon Crawl Stone Soup version 0.29.1-13-g9f3cf754e1 (webtiles) character file.

Game seed: 37778494122511643

39 retardedninja the Shield-Bearer (level 3, 27/33 HPs)
             Began as a Minotaur Fighter on Jan 20, 2023.
             Quit the game on level 2 of the Dungeon.
             The game lasted 00:01:07 (619 turns).

retardedninja the Shield-Bearer (Minotaur Fighter)   Turns: 619, Time: 00:01:07

Health: 27/33      AC:  7    Str: 22    XL:     3   Next: 26%
Magic:  2/2        EV:  9    Int:  5    God:
Gold:   41         SH:  4    Dex:  9    Spells: 2/2 levels left

rFire   . . .      SeeInvis .   a - +0 war axe
rCold   . . .      Faith    .   c - +0 buckler
rNeg    . . .      Spirit   .   b - +0 scale mail
rPois   .          Reflect  .   (helmet restricted)
rElec   .          Harm     .   (no cloak)
rCorr   .          Rampage  .   (no gloves)
Will    .....                   (no boots)
Stlth   ..........              (no amulet)
HPRegen 0.11/turn               (no ring)
MPRegen 0.08/turn               (no ring)

@: no status effects
A: horns 2, retaliatory headbutt
a: no special abilities


You were on level 2 of the Dungeon.
You visited 1 branch of the dungeon, and saw 2 of its levels.

You collected 41 gold pieces.

Inventory:

Hand Weapons
 a - a +0 war axe (weapon)
Armour
 b - a +0 scale mail (worn)
 c - a +0 buckler (worn)
Scrolls
 e - a scroll of butterflies {unknown}
 g - a scroll of brand weapon {unknown}
 k - a scroll of vulnerability {unknown}
Potions
 d - 2 potions of might
 f - a potion of lignification {unknown}
 h - 2 potions of degeneration {unknown}


   Skills:
 + Level 4.1 Fighting
 + Level 3.1 Axes
 + Level 4.1 Armour
 + Level 4.1 Shields


You had 2 spell levels left.
You didn't know any spells.
Your spell library was empty.

Dungeon Overview and Level Annotations

Branches:
Dungeon (2/15)

Altars:

Shops:
D:2 *


Innate Abilities, Weirdness & Mutations

You have a pair of horns on your head.
You reflexively headbutt those who attack you in melee.


Message History

Your Axes skill increases to level 3!
No target in view!
No target in view!
A hobgoblin comes into view.
The hobgoblin shouts!
You hear an angry hiss.
An adder comes into view.
There is an entrance to Eriq's Assorted Antiques here.
You block the hobgoblin's attack.
You hit the hobgoblin.
The hobgoblin is lightly wounded.
The hobgoblin hits you but does no damage. x2
Unknown command.
You hit the hobgoblin.
The hobgoblin is severely wounded.
You barely miss the adder.
The adder bites you but does no damage. x2
The hobgoblin barely misses you.
Unknown command.
You barely miss the hobgoblin. You headbutt the hobgoblin.
You kill the hobgoblin!
You miss the adder. The adder bites you but does no damage.
The adder bites you.
You have reached level 3!
Your experience leads to an increase in your attributes!
Increase (S)trength, (I)ntelligence, or (D)exterity?
You feel stronger. x2
You closely miss the adder. The adder barely misses you. x2
You miss the adder. The adder bites you. The adder barely misses you.
You hit the adder.
The adder is lightly wounded.
The adder closely misses you.
You completely miss the adder. You headbutt the adder!
The adder is almost dead.
The adder barely misses you. You block the adder's attack.
You barely miss the adder.
The adder is almost dead.
The adder barely misses you. The adder bites you.
You barely miss the adder. You headbutt the adder.
You kill the adder!
There is an entrance to Eriq's Assorted Antiques here.
Are you sure you want to abandon this character and quit the game? (Confirm with "yes".)

#.#####
#.#<..# ####
#...#.#
#...######.#
#
#....$.....#
#.....#....#
#....#.#...#
+...#...#..+
#..@..#.#
#...#...#..#
#....#.#...#
#.....#....#
#####......#
#......####
#......#
#......#
#......+


There were no monsters in sight!

Vanquished Creatures
  An adder (D:2)
  A dart slug (D:1)
  A ball python (D:1)
  2 bats (D:1)
  8 endoplasms
  A goblin (D:1)
  2 hobgoblins
  2 kobolds (D:1)
  A quokka (D:1)
  2 frilled lizards (D:1)
  3 rats (D:1)
24 creatures vanquished.

Notes
Turn   | Place    | Note
-------+----------+-------------------------------------------
     0 | D:1      | retardedninja the Minotaur Fighter began the quest for the
                  | Orb.
     0 | D:1      | Reached XP level 1. HP: 19/19 MP: 0/0
   279 | D:1      | Reached XP level 2. HP: 27/27 MP: 1/1
   587 | D:2      | Found Eriq's Assorted Antiques.
   607 | D:2      | Reached XP level 3. HP: 28/33 MP: 2/2
   619 | D:2      | Quit the game

Illustrated notes

Levels and vault maps discovered:
D:1:      heliophobic_arrival_ceremonial_halls, layout_rooms
D:2:      layout_basic, serial_shops, nicolae_diamond_shop

Skill      XL: |  1  2 |
---------------+-------+-----
Shields        | 4 |  4.1
Armour         | 4 |  4.1
Fighting       | 4 |  4.1
Axes           | 3 |  3.1

Action                   || total
-------------------------++-------
Melee: War axe           ||    42
       Headbutt          ||     6
Armor: Scale mail        ||    19
Dodge: Dodged            ||    21
Block: Buckler           ||     8
